Map: 2000 Atmospheres LE

Players

A.I. 1 (Very Easy)

  • Race: Protoss Protoss
  • Spawn Location: 7:00

IIIIIIIIIIII - Winner!

  • Race: Zerg Zerg
  • League: Master
  • Spawn Location: 3:00

VOD

Have the link to the VOD?

Description

Time

  • Played on: May 19, 2022, 8:26 p.m.
  • Length: 3:34
Show
View Real Time Build Order
Export as new Build Order

A.I. 1 (Very Easy) Protoss 

Build Orders:  

Get SALT Encoding   

  12  0:00  Probe  
  13  0:13  Probe  
  14  0:19  Pylon  
  14  0:36  Assimilator  
  14  0:43  Gateway  
  14  0:45  Pylon  
  14  1:14  Assimilator  
  14  1:22  Zealot, Probe  
  14  1:30  Probe  
  14  1:31  Cybernetics Core  
  18  1:40  Probe  
  19  1:52  Probe  
  20  2:01  Probe  
  21  2:09  Probe  
  22  2:39  Stalker  
  24  3:17  Pylon  
  22  3:20  Probe  
Show
View Real Time Build Order
Export as new Build Order

IIIIIIIIIIII Zerg - Winner!

Build Orders: Pool First 

Get SALT Encoding   

  12  0:00  Drone  
  13  0:08  Drone  
  14  0:20  Extractor  
  13  0:28  Spawning Pool  
  12  0:54  Hatchery  
  11  1:14  Queen  
  11  1:15  Zergling x2  
  14  1:26  Overlord  
  14  1:36  Metabolic Boost  
  14  1:44  Zergling x2  
  14  1:45  Zergling x2  
  16  1:50  Zergling x2  
  17  1:55  Zergling x2  
  18  2:06  Zergling x2  
  18  2:08  Zergling x2  
  20  2:16  Overlord  
  20  2:18  Zergling x2  
  22  2:22  Zergling x2  
  22  2:26  Zergling x2  
  23  2:30  Zergling x2  
  23  2:35  Zergling x2  
  25  2:39  Zergling x2  
  25  2:44  Zergling x2  
  27  2:48  Zergling x2  
  28  2:54  Zergling x2  
  28  2:58  Zergling x2  
  30  3:01  Zergling x2  
  31  3:07  Zergling x2  
  31  3:12  Zergling x2  
  33  3:16  Zergling x2  
Tags
 
Add a new tag
Caveats
  • Supply blocks, unpowered buildings, or Contaminate may cause inaccurate times.
  • Supply counts are checked every 10 seconds.